 Dungeon Crawl Stone Soup version 0.24-a0-812-ga050431 (webtiles) character file.

Game seed: 7429844593022530315, levelgen mode: deterministic

62 2tousent the Chopper (level 4, -1/39 HPs)
             Began as a Hill Orc Monk on Oct 11, 2019.
             Slain by an orc
             ... wielding a +1 trident of protection
              (7 damage)
             ... on level 3 of the Dungeon.
             The game lasted 00:03:19 (2094 turns).

2tousent the Chopper (Hill Orc Monk)                Turns: 2094, Time: 00:03:21

Health: -1/39      AC:  2    Str: 14    XL:     4   Next: 8%
Magic:  4/4        EV: 13    Int: 10    God:
Gold:   106        SH:  0    Dex: 13    Spells: 3/3 levels left

rFire    . . .     SeeInvis .   a - +0 hand axe
rCold    . . .     Gourm    .   (no shield)
rNeg     . . .     Faith    .   b - +0 robe
rPois    .         Spirit   .   (no helmet)
rElec    .         Reflect  .   (no cloak)
rCorr    .         Harm     .   (no gloves)
MR       .....     Rnd*Tele +   (no boots)
Stlth    ++........             (no amulet)
HPRegen  0.13/turn              f - ring of teleportation (curse)
MPRegen  0.09/turn              (no ring)

@: no status effects
A: no striking features
a: no special abilities


You were on level 3 of the Dungeon.
You were hungry.

You visited 1 branch of the dungeon, and saw 3 of its levels.

You collected 106 gold pieces.

Inventory:

Hand Weapons
 a - a +0 hand axe (weapon)
Armour
 b - a +0 robe (worn)
Jewellery
 f - a cursed ring of teleportation (left hand)
Scrolls
 d - a scroll of enchant armour {unknown}
 e - a scroll of fog {unknown}
Potions
 h - 2 potions of heal wounds
 k - 2 potions of cancellation
Comestibles
 c - 6 rations


   Skills:
 - Level 3.6 Fighting
 * Level 6.4 Axes
 - Level 2.4 Dodging
 - Level 1.5 Stealth


You had 3 spell levels left.
You didn't know any spells.
Your spell library was empty.

Dungeon Overview and Level Annotations

Branches:
Dungeon (3/15)

Altars:


Message History

The orc is heavily wounded.
You hit the orc. x2; The orc hits you with a +0 dagger.
The orc hits you but does no damage.
You hit the orc but do no damage.
The orc is heavily wounded.
You hit the orc. You hit the orc but do no damage.
The orc hits you with a +1 trident of protection!
The orc hits you but does no damage.
You closely miss the orc.
The orc is moderately wounded.
You hit the orc. x2; The orc barely misses you.
The orc closely misses you.
The orc hits you with a +1 trident of protection!
* * * LOW HITPOINT WARNING * * *
You barely miss the orc.
The orc is moderately wounded.
You closely miss the orc. You hit the orc.
You kill the orc!
The orc closely misses you.
The orc hits you with a +1 trident of protection!
You die...

...........#
#.######.#(.# #.#
#.#.<# #.# #.#..#
#.# #.#..#
#.######.#..#
#####.##........#
#.#...oo##....(.###
#....)@?).......#
###.###.##.....##
#.##.....#
#.####.### #.# #.#
#.# #.# #.# #.# #.#
.#


You could see 2 orcs.

Vanquished Creatures
  An adder (D:2)
  A worm (D:2)
  A dart slug (D:1)
  3 leopard geckos (D:1)
  3 orcs (D:3)
  2 giant cockroaches
  3 goblins
  5 hobgoblins
  5 kobolds
  2 quokkas (D:2)
  3 bats
  6 frilled lizards
  6 rats
41 creatures vanquished.

Notes
Turn   | Place    | Note
-------+----------+-------------------------------------------
     0 | D:1      | 2tousent the Hill Orc Monk began the quest for the Orb.
     0 | D:1      | Reached XP level 1. HP: 19/19 MP: 1/1
   101 | D:1      | Reached XP level 2. HP: 22/26 MP: 2/2
   195 | D:1      | Reached skill level 5 in Axes
   565 | D:1      | Reached XP level 3. HP: 19/31 MP: 3/3
  1542 | D:2      | Reached skill level 6 in Axes
  2079 | D:3      | Reached XP level 4. HP: 39/39 MP: 4/4
  2094 | D:3      | Slain by an orc

Levels and vault maps discovered:
D:1:      saegor_arrival_simple_e, layout_basic
D:2:      wad_crossroads, layout_loops_corners
D:3:      layout_loops_ring

Skill      XL: |  1  2  3 |
---------------+----------+-----
Axes           | 5 6 |  6.4
Fighting       | |  3.6
Dodging        | |  2.4
Stealth        | |  1.5

Action                   |  1- 3 |  4- 6 || total
-------------------------+-------+-------++-------
Melee: Hand axe          |   164 |    12 ||   176
  Use: Scroll            |     5 |       ||     5
       Potion            |     4 |       ||     4
 Stab: Sleeping          |     2 |       ||     2
  Eat: Chunk             |     3 |       ||     3
Armor: Robe              |    26 |     2 ||    28
Dodge: Dodged            |   119 |    11 ||   130

Table legend:
 A = Non-vault XP
 B = Vault XP
 C = Vault XP percentage of total XP
 D = Non-vault monster count
 E = Vault monster count
 F = Vault count percentage of total count
                 A         B        C        D         E       F
            +---------+---------+-------+---------+---------+-------
      Total |      72 |      17 |  19.1 |      37 |       4 |   9.8
            +---------+---------+-------+---------+---------+-------
        D:1 |      41 |       0 |   0.0 |      21 |       0 |   0.0
        D:2 |      21 |      17 |  44.7 |      12 |       4 |  25.0
        D:3 |      10 |       0 |   0.0 |       4 |       0 |   0.0
            +---------+---------+-------+---------+---------+-------
